Match 28965398
Unlisted

Match 28965398
End
Construct Barracks
Riflemen Squad
M1 Mortar Team
Riflemen Squad
Riflemen Squad
Selects Airborne Battlegroup
Selects Heavy Machine Gun Paradrop
Riflemen Squad
Mechanized Support Center
Heavy Machine Gun Paradrop
qducryzz
BlackJackKing
Jake (⌐■_■)
旧时光
HulkSMASH
한글
CPU - Hard
Vida
0
0

Comments sign in to comment!

No comments posted yet!